Map: [ESL] Royal Blood

Players

Erik - Winner!

  • Race: Zerg Zerg
  • Spawn Location: 1:00

Dolan

  • Race: Terran Terran
  • Spawn Location: 7:00

Event: ESL SC2 Masters 2023 Summer (Regionals)

VOD

Have the link to the VOD?

Description

Time

  • Played on: May 6, 2023, 2:21 p.m.
  • Length: 14:28

All games in this series

Show
View Real Time Build Order
Export as new Build Order

Erik Zerg - Winner!

Build Orders: Hatch First 

Get SALT Encoding   

  12  0:00  Drone  
  13  0:07  Drone  
  14  0:15  Extractor, Drone  
  15  0:36  Hatchery  
  15  0:41  Extractor  
  15  0:42  Drone  
  14  0:48  Overlord  
  15  1:02  Spawning Pool  
  14  1:06  Drone  
  14  1:09  Drone  
  16  1:13  Drone  
  16  1:17  Drone  
  18  1:28  Drone  
  19  1:39  Drone  
  20  1:44  Extractor  
  19  1:48  Queen x2  
  19  1:49  Zergling x2  
  19  1:51  Drone  
  25  1:58  Drone  
  26  2:01  Overlord  
  26  2:11  Drone  
  26  2:13  Drone  
  28  2:20  Drone  
  28  2:22  Drone  
  30  2:25  Queen  
  30  2:27  Queen  
  34  2:32  Drone  
  34  2:35  Overlord  
  35  2:42  Overlord  
  35  2:46  Drone  
  35  2:57  Drone x6  
  41  3:00  Drone  
  41  3:04  Drone  
  43  3:08  Lair  
  43  3:10  Drone  
  44  3:18  Overlord  
  44  3:22  Roach Warren  
  44  3:23  Extractor, Drone  
  44  3:25  Drone  
  44  3:31  Drone x3  
  44  3:32  Drone  
  44  3:33  Drone  
  49  3:36  Drone x2  
  49  3:40  Pneumatized Carapace  
  51  3:52  Extractor  
  51  3:54  Overlord x2  
  50  3:58  Hatchery  
  49  4:03  Roach x2  
  49  4:05  Roach  
  55  4:12  Roach x2  
  55  4:13  Roach  
  61  4:18  Roach  
  61  4:20  Roach  
  61  4:23  Drone  
  61  4:24  Drone x2  
  68  4:35  Overlord  
  68  4:36  Drone x5  
  73  4:40  Glial Reconstitution  
  73  4:41  Extractor  
  72  4:45  Overlord  
  72  4:50  Metabolic Boost  
  72  5:07  Overlord x2  
  72  5:09  Drone x4  
  72  5:10  Drone x5  
  72  5:14  Overlord  
  81  5:20  Overlord  
  81  5:24  Queen  
  81  5:29  Roach x2  
  81  5:34  Roach  
  81  5:35  Roach x3  
  89  5:36  Drone  
  89  5:39  Drone  
  85  5:43  Drone x2  
  85  5:46  Queen  
  85  5:58  Roach x5  
  85  6:00  Extractor  
  85  6:01  Ravager x4  
  85  6:02  Extractor  
  97  6:08  Infestation Pit  
  96  6:11  Zergling x6  
  96  6:12  Zergling x2  
  96  6:16  Hatchery  
  99  6:19  Zergling x2  
  100  6:26  Drone x6  
  100  6:30  Drone  
  98  6:33  Burrow  
  98  6:36  Queen  
  98  6:37  Drone x4  
  98  6:38  Queen  
  106  6:41  Drone  
  106  6:42  Drone  
  104  6:50  Pathogen Glands  
  104  6:54  Roach x5  
  110  7:02  Roach  
  110  7:04  Evolution Chamber  
  110  7:05  Roach, Evolution Chamber  
  110  7:08  Overlord x4  
  112  7:20  Infestor  
  114  7:23  Overlord  
  114  7:25  Overlord x2  
  114  7:27  Infestor x2  
  117  7:33  Roach x5  
  120  7:38  Roach x14  
  120  7:44  Roach  
  120  7:45  Roach x6  
  120  7:47  Queen  
  136  7:54  Zergling x2  
  136  7:55  Zergling x14  
  140  8:02  Zergling x6  
  140  8:03  Ravager  
  140  8:04  Ravager x2  
  146  8:06  Zerg Missile Weapons Level 1, Zerg Melee Weapons Level 1  
  139  8:16  Roach  
  139  8:17  Roach x10  
  159  8:22  Hive  
  159  8:27  Drone x3  
  129  8:42  Zergling x10  
  129  8:45  Zergling x2  
  129  8:46  Drone  
  133  8:49  Ravager  
  133  8:50  Ravager x4  
  133  8:53  Drone x11  
  149  8:58  Ravager  
  149  9:00  Ravager x2  
  149  9:02  Zergling x10  
  157  9:07  Extractor x2, Spine Crawler  
  157  9:08  Spine Crawler  
  157  9:09  Spine Crawler  
  152  9:10  Drone x3, Spine Crawler  
  152  9:11  Spore Crawler  
  148  9:22  Zergling x8  
  134  9:36  Roach x13  
  158  9:44  Viper x2  
  164  9:47  Spire, Drone  
  164  9:48  Drone  
  165  10:01  Infestor  
  165  10:03  Hatchery  
  147  10:08  Zergling x12  
  147  10:09  Zergling x2  
  147  10:11  Drone  
  147  10:12  Zerg Missile Weapons Level 2, Zerg Melee Weapons Level 2  
  155  10:22  Overlord  
  155  10:24  Ravager x3  
  158  10:28  Zergling x2  
  158  10:29  Zergling x22  
  161  10:59  Roach x11  
  161  11:02  Greater Spire  
  182  11:08  Overlord  
  182  11:09  Zergling x2  
  182  11:10  Overlord x3  
  182  11:11  Overlord  
  180  11:36  Corruptor x9  
  175  11:55  Infestor x3  
  175  11:58  Roach  
  175  11:59  Roach x14  
  150  12:10  Zergling x2  
  150  12:11  Zergling x14  
  150  12:14  Brood Lord x3  
  161  12:24  Zergling x2  
  161  12:25  Zergling x8  
  161  12:28  Extractor  
  161  12:29  Extractor  
  164  12:31  Spine Crawler x2, Brood Lord  
  164  12:32  Brood Lord x2  
  166  12:39  Brood Lord  
  166  12:40  Hatchery  
  166  12:41  Zergling x2  
  166  12:42  Zergling x14  
  173  12:49  Brood Lord  
  174  12:53  Brood Lord  
  176  13:09  Ravager x2  
  178  13:15  Roach  
  178  13:16  Roach x9  
  195  13:23  Ravager x2  
  197  13:27  Zergling x6  
  195  13:42  Zergling x8  
  194  13:56  Ravager x6  
  194  13:58  Extractor  
  194  14:00  Spine Crawler  
  194  14:02  Spine Crawler  
  197  14:05  Extractor  
Show
View Real Time Build Order
Export as new Build Order

Dolan Terran 

Build Orders: 2 Factory, Reaper Expand, Mech 

Get SALT Encoding   

  12  0:01  SCV  
  13  0:13  SCV  
  14  0:17  Supply Depot  
  14  0:26  SCV  
  15  0:38  SCV  
  15  0:39  Barracks  
  16  0:43  Refinery  
  16  0:51  SCV  
  17  1:03  SCV  
  18  1:15  SCV  
  19  1:27  Orbital Command, Reaper  
  20  1:40  Command Center  
  20  1:49  Supply Depot  
  20  1:53  SCV  
  21  2:01  Marine  
  21  2:05  SCV  
  23  2:13  Factory  
  23  2:17  SCV  
  23  2:20  Barracks Reactor  
  25  2:30  SCV  
  25  2:39  Command Center  
  25  2:50  SCV  
  26  2:52  Orbital Command  
  26  2:59  Factory  
  26  3:03  SCV  
  27  3:11  Refinery  
  27  3:15  SCV  
  27  3:16  Hellion  
  27  3:17  Hellion  
  27  3:19  Marine  
  33  3:21  SCV  
  35  3:34  SCV x2  
  36  3:41  Factory  
  36  3:44  Hellion x2, Factory Tech Lab  
  36  3:48  SCV x2  
  42  3:51  Orbital Command  
  42  4:00  SCV x2  
  44  4:04  Cyclone  
  44  4:05  Refinery  
  44  4:07  Supply Depot  
  47  4:12  SCV x2  
  47  4:15  Mag-Field Accelerator  
  49  4:22  SCV  
  50  4:24  SCV x2  
  50  4:25  Factory Tech Lab  
  50  4:30  Hellion x2  
  56  4:41  Cyclone  
  56  4:43  SCV x3  
  62  4:46  Supply Depot  
  62  4:48  Cyclone  
  65  4:58  Hellion x2  
  67  5:09  SCV x2  
  67  5:11  SCV  
  67  5:13  Cyclone  
  73  5:17  Refinery  
  73  5:20  Cyclone, Supply Depot  
  74  5:21  SCV x2  
  73  5:35  Hellion x2, SCV x3  
  71  5:44  Factory  
  71  5:46  Factory  
  71  5:47  SCV x3  
  74  5:55  Cyclone  
  77  5:58  Hellion x2  
  77  5:59  SCV x2  
  77  6:03  Supply Depot  
  84  6:05  Cyclone  
  84  6:08  Supply Depot  
  86  6:17  Orbital Command  
  86  6:19  SCV x2  
  81  6:33  Factory Tech Lab x2  
  81  6:34  Cyclone  
  81  6:35  Hellion x2  
  81  6:37  SCV x2, Cyclone  
  93  6:49  SCV x2  
  93  6:50  SCV  
  93  6:54  Siege Tank x2  
  93  6:58  Supply Depot  
  93  6:59  Supply Depot  
  99  7:01  SCV x2  
  99  7:02  Supply Depot  
  99  7:06  Hellion  
  99  7:07  Siege Tank  
  106  7:09  Infernal Pre-Igniter  
  106  7:11  Hellion  
  106  7:15  SCV  
  109  7:19  SCV x2  
  109  7:21  Supply Depot  
  109  7:38  Siege Tank x2  
  109  7:41  SCV  
  109  7:42  SCV x2  
  118  7:44  Command Center, Refinery x2  
  112  7:53  Siege Tank  
  112  7:54  Siege Tank  
  112  7:57  Hellion x2  
  122  8:01  SCV x3  
  114  8:13  SCV x3  
  113  8:22  Siege Tank  
  113  8:23  Hellion x2, Siege Tank  
  113  8:25  SCV x3, Siege Tank  
  123  8:37  Siege Tank  
  109  8:44  Hellion x2  
  113  8:49  SCV  
  113  8:50  SCV x2  
  113  8:55  Hellion, Siege Tank, Supply Depot  
  121  8:57  Armory  
  121  8:58  Armory  
  121  9:02  SCV x3  
  124  9:04  Engineering Bay  
  124  9:06  Hellion x2, Supply Depot  
  128  9:14  Siege Tank  
  128  9:15  Siege Tank  
  128  9:16  Hellion  
  129  9:27  Hellion  
  129  9:31  Refinery  
  129  9:38  Hellion x2  
  129  9:42  SCV x3, Supply Depot, Factory  
  129  9:43  Factory  
  132  9:46  Sensor Tower, Supply Depot, Factory  
  132  9:47  Missile Turret  
  132  9:54  Siege Tank  
  135  10:00  Hellion x2  
  125  10:08  Cyclone x2  
  125  10:09  Cyclone  
  134  10:28  Missile Turret, Sensor Tower, Refinery  
  134  10:30  Cyclone, Refinery  
  134  10:31  Hellion x2  
  139  10:47  Cyclone x2  
  139  10:48  Hellion  
  139  10:55  Cyclone  
  139  10:56  Factory Tech Lab x2  
  139  10:58  Hellion x2  
  139  11:03  Hellion  
  145  11:12  SCV x3  
  145  11:15  Sensor Tower  
  147  11:20  Cyclone x2  
  147  11:21  Siege Tank  
  147  11:22  Hellion x2  
  147  11:23  Siege Tank  
  147  11:24  SCV x3  
  166  11:25  Refinery  
  163  11:36  SCV x3  
  166  11:48  SCV x3  
  166  11:51  Siege Tank x2  
  166  11:52  Hellion, Cyclone  
  162  11:57  Siege Tank  
  162  11:58  Hellion x3  
  140  12:06  Cyclone  
  134  12:11  SCV  
  134  12:12  SCV x2  
  134  12:13  Hellion  
  139  12:19  Hellion x2  
  139  12:20  Siege Tank  
  146  12:24  Hellion, SCV x3  
  146  12:28  Sensor Tower, Refinery  
  146  12:29  Missile Turret x2  
  151  12:30  Missile Turret  
  151  12:36  SCV x3  
  152  12:41  Hellion x2  
  152  12:42  Hellion  
  152  12:43  SCV  
  165  12:48  SCV x2  
  172  13:01  Supply Depot  
  172  13:05  Command Center  
  172  13:08  Thor  
  167  13:17  Thor  
  167  13:21  Thor  
  167  13:23  Hellion, Thor  
  177  13:33  Hellion  
  179  13:38  Hellion  
  169  13:44  Thor  
  171  13:48  Hellion  
  171  13:51  Hellion  
  171  13:55  Hellion  
  166  14:00  Hellion  
  172  14:05  Hellion  
Tags
 
Add a new tag
Caveats
  • Supply blocks, unpowered buildings, or Contaminate may cause inaccurate times.
  • Supply counts are checked every 10 seconds.